 Dungeon Crawl Stone Soup version 0.28.0-49-g6dfe1f597d (webtiles) character file.

Game seed: 3867779604633684816

247 Exodus22XD the Poker (level 5, -6/39 HPs)
             Began as a Demonspawn Gladiator on May 15, 2022.
             Mangled by an orc priest
             ... wielding a +0 hand axe
              (7 damage)
             ... on level 5 of the Dungeon.
             The game lasted 00:02:49 (3723 turns).

Exodus22XD the Poker (Demonspawn Gladiator)         Turns: 3723, Time: 00:02:49

Health: -6/39      AC: 11    Str: 16    XL:     5   Next: 85%
Magic:  5/5        EV:  7    Int:  9    God:
Gold:   205        SH:  0    Dex: 15    Spells: 4/4 levels left

rFire   . . .      SeeInvis .   a - +0 trident
rCold   . . .      Faith    .   (no shield)
rNeg    . . .      Spirit   .   q - +0 chain mail
rPois   .          Reflect  .   c - +0 helmet
rElec   .          Harm     .   (no cloak)
rCorr   .          Rampage  .   (no gloves)
Will    .....                   (no boots)
Stlth   ..........              (no amulet)
HPRegen 0.13/turn               (no ring)
MPRegen 0.09/turn               (no ring)

@: attractive
A: slimy green scales 1, ignite blood 1, powered by pain 1
a: no special abilities


You were on level 5 of the Dungeon.
You visited 1 branch of the dungeon, and saw 5 of its levels.

You collected 205 gold pieces.

Inventory:

Hand Weapons
 a - a +0 trident (weapon)
Missiles
 d - 3 throwing nets (quivered)
Armour
 c - a +0 helmet (worn)
 q - a +0 chain mail (worn)
Scrolls
 g - a scroll of silence {unknown}
 h - a scroll of identify {unknown}
 k - a scroll of summoning {unknown}
 l - a scroll of amnesia {unknown}
 m - 2 scrolls of noise {unknown}
 n - a scroll of teleportation {unknown}
 o - a scroll of fear {unknown}
Potions
 e - a potion of mutation {unknown}
 f - 2 potions of attraction
 i - a potion of degeneration {unknown}
 j - a potion of cancellation {unknown}
 p - a potion of berserk rage {unknown}


   Skills:
 + Level 2.5 Fighting
 + Level 4.8 Polearms
 + Level 1.8 Throwing
 + Level 2.2 Armour
 + Level 3.1 Dodging
 + Level 0.7 Stealth


You had 4 spell levels left.
You didn't know any spells.
Your spell library was empty.

Dungeon Overview and Level Annotations

Branches:
Dungeon (5/15)
 Temple: D:4-7

Altars:
Xom
Beogh


Innate Abilities, Weirdness & Mutations

You are partially covered in slimy green scales. (AC +2)
Your demonic aura sometimes causes spilled blood to erupt in flames.
You sometimes gain a little power by taking damage.


Message History

* * * LOW HITPOINT WARNING * * *
You closely miss the orc priest.
The orc priest is moderately wounded.
An orc priest comes into view. It is wielding a +0 war axe.
The orc priest looks braver for a moment.
You closely miss the orc priest.
The orc priest is moderately wounded.
It was a potion of attraction.
You feel attractive to monsters. The orc priest barely misses you.
The orc priest is attracted toward you.
Okay, then.
You barely miss the orc priest.
The orc priest calls upon Beogh to heal the orc priest.
The orc priest's wounds heal themselves!
The orc priest hits you but does no damage.
You hit the orc priest.
The orc priest is lightly wounded.
The orc priest barely misses you.
The orc priest hits you with a +0 hand axe.
* * * LOW HITPOINT WARNING * * *
You closely miss the orc priest.
The orc priest is lightly wounded.
The orc priest closely misses you.
The orc priest hits you but does no damage.
The orc priest closely misses you.
You puncture the orc priest!
The orc priest is severely wounded.
The orc priest hits you but does no damage.
The orc priest completely misses you.
You hit the orc priest.
The orc priest is almost dead.
The orc priest calls upon Beogh to heal the orc priest.
The orc priest is healed somewhat.
The orc priest barely misses you.
The orc priest hits you but does no damage.
You barely miss the orc priest.
The orc priest is heavily wounded.
The orc priest hits you with a +0 war axe.
* * * LOW HITPOINT WARNING * * *
The orc priest hits you with a +0 hand axe!
You die...

#.# # #.#
#.####.#
#......#####
####.......#
#..<....#
###.......#
#.........#
#.#@o...###
#.#o###.# #
°.. .# ##..#
.# ...# .#
##.# .# .#


You could see 2 orc priests.

Vanquished Creatures
  A howler monkey (D:5)
  A bullfrog zombie (D:3)
  An iguana (D:4)
  A hound skeleton (D:4)
  5 adders
  An ufetubus (D:4)
  3 worms
  2 dart slugs (D:1)
  4 orcs
  4 bats
  4 endoplasms
  4 giant cockroaches
  3 goblins
  8 hobgoblins
  7 jackals
  5 kobolds
  5 quokkas
  5 ball pythons
  6 frilled lizards
  4 rats
74 creatures vanquished.

Notes
Turn   | Place    | Note
-------+----------+-------------------------------------------
     0 | D:1      | Exodus22XD the Demonspawn Gladiator began the quest for the
                  | Orb.
     0 | D:1      | Reached XP level 1. HP: 16/16 MP: 1/1
   108 | D:1      | Reached skill level 3 in Polearms
   110 | D:1      | Gained mutation: Your demonic aura sometimes causes spilled
                  | blood to erupt in flames. [demonic ancestry]
   110 | D:1      | Reached XP level 2. HP: 13/22 MP: 2/2
   683 | D:1      | Gained mutation: You are partially covered in slimy green
                  | scales. (AC +2) [demonic ancestry]
   683 | D:1      | Reached XP level 3. HP: 24/27 MP: 3/3
  1059 | D:1      | Found a faded altar of an unknown god.
  1728 | D:2      | Found a shimmering altar of Xom.
  1750 | D:2      | Reached skill level 1 in Armour
  2008 | D:2      | Reached XP level 4. HP: 34/34 MP: 4/4
  2486 | D:3      | Reached skill level 4 in Polearms
  3042 | D:4      | Gained mutation: You sometimes gain a little power by
                  | taking damage. [demonic ancestry]
  3042 | D:4      | Reached XP level 5. HP: 39/39 MP: 5/5
  3694 | D:5      | Entered Level 5 of the Dungeon
  3723 | D:5      | HP: 1/39 [orc priest/+0 war axe (5)]
  3723 | D:5      | Mangled by an orc priest

Illustrated notes

Levels and vault maps discovered:
D:1:      dpeg_arrival_boxorama, layout_loops_cross,
          hellmonk_ecumenical_altar_defaced_shrine
D:2:      layout_basic, basic_altar
D:3:      cheibrodos_helix_gallery, layout_loops_cross
D:4:      layout_gridville
D:5:      layout_basic, uniq_crazy_yiuf_cottage

Skill      XL: |  1  2  3  4  5 |
---------------+----------------+-----
Polearms       | 3 4 |  4.8
Dodging        | 3 |  3.1
Armour         | 1 2 |  2.2
Fighting       | |  2.5
Throwing       | |  1.8
Stealth        | |  0.7

Action                   |  1- 3 |  4- 6 || total
-------------------------+-------+-------++-------
Melee: Trident           |   149 |   128 ||   277
       Punch             |     1 |     1 ||     2
  Use: Potion            |       |     1 ||     1
 Stab: Sleeping          |     3 |       ||     3
Armor: Leather armour    |    45 |    31 ||    76
       Chain mail        |       |     6 ||     6
Dodge: Dodged            |    79 |    73 ||   152
